 Dungeon Crawl Stone Soup version 0.16-a0-3943-gb4b81e6 (webtiles) character file.

2144 timbw the Martial Artist (level 9, -7/68 HPs)
             Began as a Centaur Venom Mage on Feb 8, 2015.
             Was a Believer of Ashenzari.
             Shot with a bolt by an orc warrior (9 damage)
             ... in a bailey.
             The game lasted 00:27:13 (6428 turns).

timbw the Martial Artist (Centaur Venom Mage)       Turns: 6428, Time: 00:27:13

Health: -7/68      AC:  7    Str: 13    XL:     9   Next: 9%
Magic:  13/21      EV: 10    Int: 18    God:    Ashenzari [**....]
Gold:   273        SH:  0    Dex: 11    Spells: 3 memorised, 8 levels left

rFire  . . .     SeeInvis +       - Unarmed
rCold  . . .     Clarity  .     i - +1 robe "Pret" {MP+9} (curse)
rNeg   . . .     SustAb   .     (no shield)
rPois  .         Gourm    .     (helmet restricted)
rElec  .         Spirit   .     m - +1 cloak (curse)
rCorr  .         Warding  .     (no gloves)
rMut   .         Stasis   .     (no barding)
MR     .....                    (no amulet)
Stlth  +.........               (no ring)
                                (no ring)

@: about to teleport, very slightly contaminated, very quick, not resistant to
hostile enchantments, very unstealthy
A: hooves 3, horns 1, see invisible, clever 1, deformed body, speed 2, low mp 2,
strong 1, tough skin 3, placid magic 1
a: Renounce Religion


You were in a bailey.
You worshipped Ashenzari.
Ashenzari was pleased with you.
You were very hungry.

You visited 2 branches of the dungeon, and saw 10 of its levels.
You also visited: Bailey.

You collected 273 gold pieces.

Inventory:

Armour
 a - a +0 robe
 i - the cursed +1 robe "Pret" (worn) {MP+9}
   (You found it on level 5 of the Dungeon)

   It affects your magic capacity (+9).
   It has a curse placed upon it.
 m - a cursed +1 cloak (worn)
Jewellery
 j - a +3 ring of strength
Magical devices
 g - a wand of digging (24)
 h - a wand of invisibility (3)
Scrolls
 k - a scroll of fog
 l - a scroll of immolation
 n - a scroll of teleportation
 o - 2 scrolls of noise
 p - 2 scrolls of amnesia
 s - a scroll of curse weapon
 u - 2 scrolls of enchant armour
 v - a scroll of vulnerability
 x - a scroll of remove curse
 y - a scroll of recharging
Potions
 e - a potion of curing
 f - a potion of heal wounds
 q - a potion of magic
 r - a potion of degeneration
 t - 3 potions of ambrosia
 z - a potion of invisibility
 A - a potion of might
 B - a potion of berserk rage
 G - a potion of cancellation {unknown}
 H - a potion of cure mutation {unknown}
Books
 b - a Young Poisoner's Handbook

   Spells                             Type                      Level
   a - Sting                          Conjuration/Poison           1
   b - Cure Poison                    Poison                       2
   c - Mephitic Cloud                 Conjuration/Poison/Air       3
   d - Olgreb's Toxic Radiance        Poison                       4
   e - Venom Bolt                     Conjuration/Poison           5
Comestibles
 c - 12 bread rations
 d - 4 meat rations
 C - 2 beef jerkies
 E - a slice of pizza


   Skills:
 + Level 2.8 Fighting
 + Level 2.6 Dodging
 - Level 1.2 Stealth
 * Level 9.2 Unarmed Combat
 - Level 3.4 Spellcasting
 - Level 2.0 Conjurations
 - Level 4.6 Poison Magic


You had 8 spell levels left.
You knew the following spells:

 Your Spells              Type           Power        Failure   Level  Hunger
a - Sting                 Conj/Pois      ##..         1%          1    None
b - Cure Poison           Pois           ##........   1%          2    ##.....
c - Mephitic Cloud        Conj/Pois/Air  #.......     11%         3    ###....


Dungeon Overview and Level Annotations

Branches:
Dungeon (9/15)             Temple (1/1) D:4
   Lair: D:8-11         Orc: D:9-12

Altars:
Ashenzari
Cheibriados
Dithmenos
Elyvilon
Fedhas
Gozag
Kikubaaqudgha
Makhleb
Qazlal
Ru
Sif Muna
Trog
Vehumet
Xom
Yredelemnul
Zin
The Shining One

Annotations:
D:6 Fusha's ghost, average DgSk


Innate Abilities, Weirdness & Mutations

You have hooves in place of feet.
Armour fits poorly on your strangely shaped body.
You cover ground very quickly.
You have extremely tough skin (AC +3).
You have a pair of small horns on your head.
You have supernaturally acute eyesight.
Your mind is acute. (Int +2)
Your magical capacity is very low (-20% MP).
Your muscles are strong. (Str +2)
Your spells are a little easier to cast, but a little less powerful.


Message History

Press: ? - help, Shift-Dir - straight line The ball explodes into a vile cloud!
You start resting.
An orc warrior comes into view. It is wielding an arbalest.
The orc warrior shouts!
The orc warrior shoots a bolt.
The bolt closely misses you.
The orc warrior shoots a bolt.
The bolt misses you.
You see here a bolt.
Read which item? (? for menu, Esc to quit)
As you read the scroll of teleportation, it crumbles to dust.
You feel strangely unstable.
The orc warrior shoots a bolt.
The bolt hits you!!
* * * LOW HITPOINT WARNING * * *
The orc warrior shoots a bolt.
The bolt hits you!
* * * LOW HITPOINT WARNING * * *
Unknown command.
Read which item? (? for menu, Esc to quit)
As you read the scroll of fog, it crumbles to dust.
The scroll dissolves into smoke.
The orc warrior shoots a bolt.
The bolt misses you.
The orc warrior shoots a bolt.
The bolt hits you!
You die...

,..... * ∩ .........o#
...........#
,............# ,
*.............#
#.............## *
#........§.....# * ,
#......§§§§....## *
#......§§@§§....## ,,
#.......§§§≈≈....#### ####
#......≈≈#.#≈≈......###...
#......≈##.##≈............
#......≈..^..≈..o.........
#......≈##.##≈..(.........
#.....o≈≈#.#≈≈(...........
#.......≈≈≈≈≈(............
#............o....o...)...


You could see 3 orc warriors.

Vanquished Creatures
  A spriggan (D:7)
  A hungry ghost (D:9)
  Eustachio (D:4)
  A hippogriff (D:9)
  2 orc warriors (Bailey)
  2 centaurs
  An ogre (D:6)
  A crocodile (D:7)
  Blork the orc (D:8)
  A giant frog (D:6)
  2 scorpions (D:5)
  3 wights (D:8)
  A goliath beetle (D:7)
  A centaur zombie (D:5)
  A giant frog zombie (D:5)
  2 jellies (D:8)
  A hound (D:5)
  4 worker ants (D:4)
  2 centaur skeletons
  An orc priest (D:3)
  3 orc wizards (D:8)
  2 iguanas
  7 adders
  A gnoll (D:1)
  A river rat (D:5)
  A shadow imp (D:8)
  6 worms
  An adder skeleton (D:6)
  2 giant geckos
  18 orcs
  A bat zombie (D:5)
  3 giant cockroaches
  9 goblins
  10 hobgoblins
  6 kobolds
  3 quokkas
  17 bats
  3 giant newts
  2 hobgoblin zombies (D:4)
  10 jackals
  A jackal zombie (D:8)
  2 kobold zombies (D:4)
  9 rats
148 creatures vanquished.

Notes
Turn   | Place    | Note
--------------------------------------------------------------
     0 | D:1      | timbw, the Centaur Venom Mage, began the quest for the Orb.
     0 | D:1      | Reached XP level 1. HP: 14/14 MP: 2/2
    63 | D:2      | Reached skill level 1 in Unarmed Combat
   166 | D:2      | Reached XP level 2. HP: 7/20 MP: 1/3
   465 | D:2      | Reached XP level 3. HP: 16/26 MP: 0/5
   720 | D:3      | Learned a level 2 spell: Cure Poison
   736 | D:5      | Entered Level 5 of the Dungeon
   869 | D:5      | Got a faintly glowing robe
   890 | D:5      | Reached skill level 4 in Unarmed Combat
   890 | D:5      | Reached XP level 4. HP: 7/33 MP: 2/5
   901 | D:5      | Identified the +1 robe "Pret" {MP+9} (You found it on level 5 of the Dungeon)
  1063 | D:4      | Reached XP level 5. HP: 27/38 MP: 6/6
  1120 | D:4      | Reached skill level 5 in Unarmed Combat
  1129 | D:4      | Found a staircase to the Ecumenical Temple.
  1137 | D:4      | Noticed an ogre
  1185 | D:4      | Noticed a centaur
  1405 | D:3      | Found an opulent altar of Gozag.
  1603 | D:4      | Reached skill level 6 in Unarmed Combat
  1603 | D:4      | Reached XP level 6. HP: 24/45 MP: 8/8
  1612 | D:4      | Noticed Eustachio
  1637 | Temple   | Entered the Ecumenical Temple
  1664 | Temple   | Became a worshipper of Ashenzari the Shackled
  1911 | D:5      | Learned a level 3 spell: Mephitic Cloud
  1983 | D:6      | Reached skill level 1 in Conjurations
  2023 | D:6      | Noticed Fusha's ghost (average DgSk)
  2118 | D:7      | Found a shadowy altar of Dithmenos.
  2225 | D:6      | Reached XP level 7. HP: 45/50 MP: 8/8
  2572 | D:5      | Noticed a scorpion
  2595 | D:5      | Killed a scorpion
  2595 | D:5      | Reached skill level 7 in Unarmed Combat
  2714 | D:5      | Found a blossoming altar of Fedhas.
  2747 | D:5      | Noticed a scorpion
  2759 | D:5      | Killed a scorpion
  3144 | D:2      | Found a snail-covered altar of Cheibriados.
  3169 | D:2      | Found a basalt altar of Yredelemnul.
  4056 | D:4      | Killed Eustachio
  4603 | D:7      | Gained mutation: Your mind is acute. (Int +2) [potion of mutation]
  4603 | D:7      | Gained mutation: Your spells are a little easier to cast, but a little less powerful. [potion of mutation]
  4603 | D:7      | Gained mutation: Your muscles are strong. (Str +2) [potion of mutation]
  4604 | D:7      | Gained mutation: Your magical capacity is low (-10% MP). [potion of mutation]
  4604 | D:7      | Gained mutation: You have supernaturally acute eyesight. [potion of mutation]
  4604 | D:7      | Gained mutation: Your magical capacity is very low (-20% MP). [potion of mutation]
  4605 | D:7      | Gained mutation: You have a pair of small horns on your head. [potion of mutation]
  4648 | D:7      | Reached XP level 8. HP: 54/57 MP: 11/11
  4775 | D:7      | Noticed a spriggan baker
  4801 | D:7      | Killed a spriggan baker
  5241 | D:8      | Reached skill level 8 in Unarmed Combat
  5297 | D:8      | Noticed Blork the orc
  5321 | D:8      | Killed Blork the orc
  5443 | D:8      | Reached skill level 1 in Fighting
  5658 | D:9      | Reached skill level 9 in Unarmed Combat
  5815 | D:9      | Found a flagged portal.
  5816 | D:9      | Acquired Ashenzari's first power
  5829 | Bailey   | Entered a bailey
  6209 | Bailey   | Reached XP level 9. HP: 32/68 MP: 8/12
  6427 | Bailey   | HP: 1/68 [orc warrior/bolt (11)]
  6428 | Bailey   | Shot with a bolt by an orc warrior

Action                   |  1- 3 |  4- 6 |  7- 9 || total
-------------------------+-------+-------+-------++-------
Melee: Unarmed           |    58 |    86 |   300 ||   444
 Cast: Sting             |    29 |    66 |   119 ||   214
       Mephitic Cloud    |       |       |     9 ||     9
       Cure Poison       |       |       |     2 ||     2
  Use: Scroll            |       |     1 |    22 ||    23
       Potion            |       |       |     8 ||     8
  Eat: Chunk             |       |     6 |    10 ||    16
       Pizza             |       |       |     2 ||     2
